Cogmind - Beta 10.2 @@@ ROGUE MODE // 2021.02.24 @ 22:05:21 Player: The Phoenix Tome Result: Destroyed by B-75 Beast with Magnetic Acceleration Cannon Performance ------------- Evolutions (1) 500 Regions Visited (4) 800 Robots Destroyed (70) 350 Value Destroyed (2172) 2172 Prototype IDs (6) 120 Alien Tech Used (0) 0 Bonus (486) 486 TOTAL SCORE: 4428 Bonus ------- High Alert Combat Kills 104 Follower Combat Kills 182 Entered Garrisons 200 Cogmind --------- Core Integrity 0/400 Matter 268/300 Energy 256/265 System Corruption 1% Temperature Cool (12) Movement Treading (160) Location -9/Garrison Parts ------- > --- POWER (1) -------- Improved Ion Engine > --- PROPULSION (2) --- Light Treads Light Treads > --- UTILITY (4) ------ Heat Sink Medium Storage Unit Medium Storage Unit Light Armor Plating > --- WEAPON (2) ------- Heavy Assault Rifle Heavy Assault Rifle > --- INVENTORY (12) --- Light Treads Light Armor Plating Light Armor Plating Light Armor Plating Relay Coupler [NC] (25) Relay Coupler [Grunt] (27) Relay Coupler [Behemoth] (8) Heavy Assault Rifle Rocket Launcher Peak State ------------ > --- POWER ------------ Heavy Ion Engine > --- PROPULSION ------- Light Treads Light Treads > --- UTILITY ---------- Improved Heat Sink Medium Storage Unit Medium Storage Unit Hardened Light Armor Plating > --- WEAPON ----------- Heavy Assault Rifle Improved Assault Rifle > --- INVENTORY -------- Improved Ion Engine Light Treads Light Treads Heat Sink Light Armor Plating Light Armor Plating Medium Armor Plating Improved EM Shotgun Improved EM Shotgun Particle Cannon Heavy Assault Rifle Rocket Launcher [Rating: 19] Favorites ----------- Power Heavy Ion Engine Engine Heavy Ion Engine Propulsion Light Treads Treads Light Treads Leg Aluminum Leg Utility Small Storage Unit Device Improved Heat Sink Storage Small Storage Unit Protection Hardened Light Armor Plating Weapon Heavy Assault Rifle Energy Gun Beam Rifle Energy Cannon Particle Cannon Ballistic Gun Heavy Assault Rifle Launcher Rocket Launcher Build | -11 -10 -9 -9 -9 ------- Run | Scr Mat Mat Sto Gar Slots Evolved 2 | . . 2 . . Power . | . . . . . Propulsion . | . . . . . Utility 2 | . . 2 . . Weapon . | . . . . . Parts Attached 69 | 1 3 30 26 9 Power 9 | . 2 3 2 2 Engine 9 | . 2 3 2 2 Core . | . . . . . Reactor . | . . . . . Propulsion 17 | . 1 5 9 2 Treads 16 | . . 5 9 2 Leg 1 | . 1 . . . Wheel . | . . . . . Hover . | . . . . . Flight . | . . . . . Utility 20 | 1 . 10 7 2 Device 7 | . . 4 2 1 Storage 3 | 1 . . 2 . Processor . | . . . . . Hackware . | . . . . . Protection 10 | . . 6 3 1 Artifact . | . . . . . Weapon 23 | . . 12 8 3 Energy Gun 7 | . . 5 1 1 Energy Cannon 1 | . . . 1 . Ballistic Gun 11 | . . 5 4 2 Ballistic Cannon . | . . . . . Launcher 4 | . . 2 2 . Special Weapon . | . . . . . Impact Weapon . | . . . . . Slashing Weapon . | . . . . . Piercing Weapon . | . . . . . Special Melee Weapon . | . . . . . Unidentified Prototypes 1 | . . . 1 . Parts Lost 13 | . . 5 1 7 Power 2 | . . . . 2 Propulsion 3 | . . 1 . 2 Utility 4 | . . 2 1 1 Weapon 4 | . . 2 . 2 Highest Loss Streak 3 | . . 1 1 3 Average Slot Usage (%) 97 | . 100 95 99 99 Engine 11 | . 14 11 10 10 Treads 17 | . . 16 21 22 Leg 3 | . 28 2 . . Device 9 | . . 10 11 11 Storage 22 | . 28 22 22 22 Protection 9 | . . 10 10 11 Energy Gun 3 | . . 7 . 4 Energy Cannon 1 | . . . . 6 Ballistic Gun 17 | . 28 14 20 11 Naked Turns . | . . . . . Heaviest Build 39 | 17 17 30 39 39 Greatest Support 43 | 20 20 43 40 40 Greatest Overweight (x) 1 | . . 1 1 1 Average Overweight (x) . | . . . . . Largest Inventory Capacity 12 | 8 8 8 12 12 Average Capacity 8 | 6 8 8 9 12 Most Carried 12 | 6 8 8 12 12 Average Carried 8 | 6 7 7 9 11 Final Capacity 12 | 8 8 8 12 12 Final Carried 12 | 6 8 8 12 9 Class Distribution -------------------- 73% | Scavenger-Mutant 22% | Mutant 3% | Commander-Mutant Dominant Class ---------------- Mutant | -10/Materials Scavenger-Mutant | -9/Materials Scavenger-Mutant | -9/Storage Scavenger-Mutant | -9/Garrison Resources | -11 -10 -9 -9 -9 ----------- Run | Scr Mat Mat Sto Gar Matter Collected 1769 | 228 144 608 655 134 Remotely . | . . . . . Salvage Created 2528 | 91 155 1257 678 347 Parts 155 | 4 12 76 44 19 Haulers Intercepted 5 | . . 3 2 . Recyclers Shooed . | . . . . . Parts Field Recycled . | . . . . . Retrieved Matter . | . . . . . Parts Self-Destructed . | . . . . . Prevented . | . . . . . Kills | -11 -10 -9 -9 -9 ------- Run | Scr Mat Mat Sto Gar Combat Hostiles Destroyed 55 | . 4 29 15 7 Guns 39 | . 4 20 11 4 Cannons 5 | . . . 2 3 AOE 11 | . . 9 2 . Classes Destroyed 10 | 1 1 7 1 . Worker 3 | . . 2 1 . Builder 1 | . . . 1 . Hauler 5 | . . 3 2 . Recycler 1 | 1 . . . . Watcher 5 | . . 3 2 . Swarmer 12 | . . 7 5 . Grunt 23 | . 4 11 5 3 Brawler 1 | . . 1 . . Duelist 1 | . . 1 . . Sentry 18 | . . 9 5 4 Best Kill Streak 11 | 1 2 11 4 4 Combat Bots Only 9 | . 2 9 4 4 Max Kills in Single Turn 3 | 1 1 3 2 1 Gunslinging 1 | . . 1 . . Exploded 2 | . . 2 2 . Melee . | . . . . . Uniques/NPCs Destroyed . | . . . . . Combat | -11 -10 -9 -9 -9 -------- Run | Scr Mat Mat Sto Gar Damage Taken 3456 | . 223 1731 659 843 Core 452 | . 35 226 67 124 Absorbed by Shields . | . . . . . Core Remaining (%) 93 | 100 86 . . . Volleys Fired 209 | 3 19 110 51 26 Largest 2 | 2 2 2 2 2 Hottest 91 | 40 40 88 91 91 Shots Fired 401 | 6 38 211 94 52 Gun 364 | 6 38 203 81 36 Cannon 21 | . . . 5 16 Launcher 16 | . . 8 8 . Special . | . . . . . Kinetic 270 | 6 38 118 81 27 Thermal 106 | . . 85 5 16 Explosive 16 | . . 8 8 . Electromagnetic 9 | . . . . 9 Robot Hit Streak 17 | 1 6 10 17 16 Robot Miss Streak 4 | 2 1 4 2 1 Penetration Max . | . . . . . Secondary Targets 2 | . . 2 . . Max Gunslinging Chain 1 | . . 1 . . Shots Hit Robots 267 | 2 29 136 63 37 Core Hits 117 | 2 9 62 30 14 Critical Hits . | . . . . . Critical Kills . | . . . . . Critical Parts Destroyed . | . . . . . Melee Attacks . | . . . . . Impact . | . . . . . Slashing . | . . . . . Piercing . | . . . . . Sneak Attacks . | . . . . . Combat Hostiles . | . . . . . Follow-up Attacks . | . . . . . Damage Inflicted 4716 | 23 335 2617 1099 642 Guns 3271 | 23 335 1710 875 328 Cannons 305 | . . . 61 244 Explosions 1126 | . . 904 152 70 Melee . | . . . . . Ramming 14 | . . 3 11 . Kinetic 2344 | 23 335 885 875 226 Thermal 1200 | . . 825 61 314 Explosive 989 | . . 837 152 . Electromagnetic 169 | . . 67 . 102 Impact . | . . . . . Slashing . | . . . . . Piercing . | . . . . . Highest Corruption 1 | . . . 1 1 Average Corruption 1 | . . . 1 1 Corruption Purged . | . . . . . Effects 7 | . . . 2 5 Message Errors 3 | . . . 1 2 Data Loss (minor) 1 | . . . . 1 Targeting Errors 3 | . . . 1 2 Overload Shots . | . . . . . Overflow Damage 28 | . . 28 . . Projectiles . | . . . . . Explosions 28 | . . 28 . . Melee . | . . . . . Knockbacks . | . . . . . Impact . | . . . . . Kinetic . | . . . . . Secondary . | . . . . . Self-Inflicted Damage 207 | . . 36 132 39 Shots 7 | . . 1 5 1 Rammed 7 | . . 1 6 . Targets Rammed 9 | . . 2 7 . Kicked . | . . . . . Crushed 2 | . . 1 1 . Highest Temperature 126 | . . 64 24 126 Average Temperature 27 | . . 22 12 47 Received Heat Transfer 1053 | . 120 525 171 237 Siege Activations . | . . . . . Robots Corrupted . | . . . . . Combat Hostiles . | . . . . . Parts Fried . | . . . . . Impact Corruptions . | . . . . . Robots Melted . | . . . . . Combat Hostiles . | . . . . . Parts Melted 5 | . . 1 2 2 Heat Transferred 2727 | . . 2072 111 544 Parts Sabotaged . | . . . . . Parts Stolen . | . . . . . Parts Stripped . | . . . . . Power Chain Reactions 1 | . . . . 1 Missiles Intercepted . | . . . . . Alert | -11 -10 -9 -9 -9 ------- Run | Scr Mat Mat Sto Gar Peak Influence 613 | 5 164 613 498 480 Initial 250 | . 3 68 250 185 Average 284 | 3 89 286 320 361 Maximum Alert Level 2 | . . 2 2 2 Low Security (%) 36 | 100 100 40 20 9 Level 1 34 | . . 27 45 58 Level 2 29 | . . 32 34 32 Level 3 . | . . . . . Level 4 . | . . . . . Level 5 . | . . . . . High Security . | . . . . . Max Security . | . . . . . Squads Dispatched 8 | . 3 2 3 . Investigation 1 | . 1 . . . Extermination . | . . . . . Reinforcement 4 | . 2 2 . . Assault . | . . . . . Garrison 3 | . . . 3 . Intercept . | . . . . . Construction Impeded . | . . . . . Haulers Reinforced . | . . . . . Stealth | -11 -10 -9 -9 -9 --------- Run | Scr Mat Mat Sto Gar Distress Signals 7 | . . 4 3 . Communications Jammed . | . . . . . Distress Signals . | . . . . . Times Spotted 88 | . 11 39 26 12 Peak Tracking Total 7 | . 3 6 4 7 Tactical Retreats 5 | . 1 1 2 1 Traps | -11 -10 -9 -9 -9 ------- Run | Scr Mat Mat Sto Gar Traps Triggered 5 | . . . 5 . Indirectly . | . . . . . Trap Hack Attempts . | . . . . . Triggered . | . . . . . Disarmed . | . . . . . Reprogrammed . | . . . . . Reused . | . . . . . Traps Extracted . | . . . . . Installed . | . . . . . Triggered . | . . . . . Machines | -11 -10 -9 -9 -9 ---------- Run | Scr Mat Mat Sto Gar Machines Disabled 7 | . . 3 3 1 Max in Single Turn 1 | . . 1 1 1 Garrison Relay 1 | . . . . 1 Machines Sabotaged . | . . . . . Garrisons Compromised . | . . . . . Overloaded Fab Kills . | . . . . . Fab Network Shutdowns . | . . . . . Hacking | -11 -10 -9 -9 -9 --------- Run | Scr Mat Mat Sto Gar Machines Accessed 25 | . 4 8 13 . Terminals 21 | . 4 7 10 . Fabricators . | . . . . . Repair Stations 1 | . . . 1 . Recycling Units 1 | . . . 1 . Scanalyzers 1 | . . 1 . . Garrison Access 1 | . . . 1 . Total Hacks 57 | . 11 17 29 . Successful 24 | . 4 6 14 . Failed 33 | . 7 11 15 . Catastrophic 7 | . . 4 3 . Database Lockouts . | . . . . . Manual 17 | . 6 6 5 . Terminals 49 | . 11 15 23 . Fabricators . | . . . . . Repair Stations 2 | . . . 2 . Recycling Units 3 | . . . 3 . Scanalyzers 2 | . . 2 . . Garrison Access 1 | . . . 1 . Terminal Hacks 17 | . 4 4 9 . Record 1 | . . 1 . . Part Schematic 2 | . . . 2 . Prototype ID Bank 2 | . 1 1 . . Open Door 2 | . . . 2 . Branch Access Points 1 | . . . 1 . Terminal Index 1 | . 1 . . . Alert Level 2 | . . 1 1 . Unreport Threat 2 | . . . 2 . Registered Components 1 | . 1 . . . Zone Layout 3 | . 1 1 1 . Fabricator Hacks . | . . . . . Repair Station Hacks 2 | . . . 2 . Scan Component 1 | . . . 1 . Repair 1 | . . . 1 . Recycling Unit Hacks 1 | . . . 1 . Retrieve Components 1 | . . . 1 . Scanalyzer 2 | . . 2 . . Insert Component 1 | . . 1 . . Analyze 1 | . . 1 . . Garrison Access Hacks 1 | . . . 1 . Unlock Access 1 | . . . 1 . Unauthorized Hacks 1 | . . . 1 . Terminals . | . . . . . Fabricators . | . . . . . Repair Stations . | . . . . . Recycling Units 1 | . . . 1 . Monitor 1 | . . . 1 . Scanalyzers . | . . . . . Garrison Access . | . . . . . Data Cores Recovered . | . . . . . Used . | . . . . . Hacking Detections 19 | . 4 8 7 . Full Trace Events 1 | . 1 . . . Feedback Events . | . . . . . Feedback Blocked . | . . . . . Robot Schematics Acquired . | . . . . . Robots Built . | . . . . . Matter . | . . . . . Time . | . . . . . Total Robot Build Rating . | . . . . . Part Schematics Acquired 2 | . . . 2 . Parts Built . | . . . . . Matter . | . . . . . Time . | . . . . . Total Part Build Rating . | . . . . . Parts Repaired 1 | . . . 1 . Time 32 | . . . 32 . Parts Recycled . | . . . . . Recycled Matter . | . . . . . Retrieved Matter . | . . . . . Retrieved Components . | . . . . . Parts Scanalyzed 1 | . . 1 . . Part Schematics Acquired . | . . . . . Parts Damaged . | . . . . . Bothacking | -11 -10 -9 -9 -9 ------------ Run | Scr Mat Mat Sto Gar Used RIF Installer . | . . . . . Robots Hacked . | . . . . . Non-combat . | . . . . . Combat . | . . . . . Robot Hacks Applied . | . . . . . Relay Couplers Released 3 | . . . . 3 Machine Destruction 3 | . . . . 3 Robots Rewired . | . . . . . Allies Hacked . | . . . . . Hacks Repelled . | . . . . . Allies | -11 -10 -9 -9 -9 -------- Run | Scr Mat Mat Sto Gar Total Allies 10 | . . . 10 . Largest Group 10 | . . . 10 . Highest-Rated Group 88 | . . . 88 . Highest-Rated Ally 16 | . . . 16 . Total Orders 2 | . . . 2 . STAY 1 | . . . 1 . FOLLOW 1 | . . . 1 . Ally Attacks 58 | . . . 58 . Total Damage 601 | . . . 601 . Kills 8 | . . . 8 . Allies Corrupted . | . . . . . Allies Melted . | . . . . . Intel | -11 -10 -9 -9 -9 ------- Run | Scr Mat Mat Sto Gar Robot Analysis Total . | . . . . . Derelict Logs Recovered . | . . . . . Drone Launches . | . . . . . Drone Recoveries . | . . . . . Exploration | -11 -10 -9 -9 -9 ------------- Run | Scr Mat Mat Sto Gar Turns Passed 3311 | 53 294 1433 1188 343 Spaces Moved 1598 | 34 190 625 601 148 Core . | . . . . . Treads 1291 | . . 542 601 148 Legs 307 | 34 190 83 . . Wheels . | . . . . . Hover . | . . . . . Flight . | . . . . . Fastest Speed 120 | 120 120 120 160 160 Average Speed 154 | 120 120 160 160 160 Slowest Speed 180 | 120 120 180 180 180 Overloaded Moves . | . . . . . Propulsion Burnouts . | . . . . . Robots Hopped . | . . . . . Cave-ins Triggered . | . . . . . Exploration Rate (%) 47 | 4 45 75 78 33 Regions Visited 4 Branch Regions 1 Pre-discovered Areas . | . . . . . Known Exits Taken 1 | . . . 1 . Unknown Exits Taken 3 | 1 1 1 . . Scrap Searched . | . . . . . Spaces Dug 29 | . . . 29 . Terrain Destroyed 95 | . . 45 47 3 Melee . | . . . . . Projectile . | . . . . . AOE 95 | . . 45 47 3 Terrain Rammed . | . . . . . Walls Destroyed . | . . . . . Machines Disabled . | . . . . . Actions | -11 -10 -9 -9 -9 --------- Run | Scr Mat Mat Sto Gar Total 2043 | 39 220 851 728 205 Wait 77 | 2 2 43 19 11 Move 1595 | 33 189 624 601 148 Hop . | . . . . . Pick Up 37 | . 3 17 10 7 Fast Attach 10 | 1 . 2 7 . Attach 15 | . . 6 2 7 Detach . | . . . . . Swap 44 | . 3 22 17 2 Drop 47 | . 4 25 14 4 Fire 209 | 3 19 110 51 26 Melee . | . . . . . Ram . | . . . . . Kick . | . . . . . Crush 9 | . . 2 7 . Escape Stasis . | . . . . . Rewire . | . . . . . Trap . | . . . . . Miscellaneous . | . . . . . Route ------- -11/Scrapyard -10/Materials (discovered 2 exits: *Mat / [*Min]) -9/Materials (discovered 3 exits: [*Mat] / *Sto x2) -9/Storage (discovered 2 exits: Rec / Gar) -9/Garrison History --------- Turn | Location | Event 7 | -11/Scrapyard | Discovered new exit (range 3) 54 | -11/Scrapyard | Entered Materials 155 | -10/Materials | Discovered new exit (range 11) 228 | -10/Materials | Discovered new exit (range 11) 302 | -10/Materials | Build established: Mutant 348 | -10/Materials | Entered another Materials area 348 | -9/Materials | Evolved 2 slots: Utility x2 348 | -9/Materials | Discovered new exit (range 15) 752 | -9/Materials | Build established: Scavenger-Mutant 1359 | -9/Materials | Destroyed 9 combat bots 1453 | -9/Materials | Discovered new exit (range 4) 1648 | -9/Materials | Core integrity fell below 50% 1737 | -9/Materials | Discovered new exit (range 9) 1781 | -9/Materials | Entered Storage 2201 | -9/Storage | Assisted by bots powering up and referring to "LRC-V3" 2385 | -9/Storage | Repaired Med. Armor Plating 2619 | -9/Storage | Identified exit to Recycling 2767 | -9/Storage | Garrison activated, responded to threat 2969 | -9/Storage | Identified exit to Garrison 2969 | -9/Storage | Entered Garrison 3032 | -9/Garrison | Triggered checkpoint 3068 | -9/Garrison | Spotted B-75 Beast 3068 | -9/Garrison | Spotted B-75 Beast 3135 | -9/Garrison | Core integrity fell below 20% 3214 | -9/Garrison | Lost 3 parts (1p1u1w) 3217 | -9/Garrison | Garrison Relay disabled 3250 | -9/Garrison | Triggered checkpoint 3312 | -9/Garrison | Destroyed by B-75 Beast with Magnetic Acceleration Cannon Last Messages --------------- 03217_ Garrison Relay disabled. 03217_ Relay Coupler [NC] tumbles out of relay unit. 03217_ Relay Coupler [Behemoth] tumbles out of relay unit. 03217_ Relay Coupler [Grunt] tumbles out of relay unit. 03221_ Dropped Core Shielding. 03222_ Acquired Relay Coupler [Behemoth]. 03226_ Dropped Imp. Assault Rifle. 03226_ Acquired Relay Coupler [Grunt]. 03229_ Dropped Lgt. Treads. 03229_ Acquired Relay Coupler [NC]. 03240_ Acquired 26 matter. 03250_ Beams of light sweep through the air. An alarm sounds. 03254_ G-34 Mercenary destroyed. 03260_ Acquired 6 matter. 03273_ System corrupted: Component data lost. 03296_ B-75 Beast springs to life. 03296_ Lgt. Treads destroyed. 03309_ Imp. EM Shotgun destroyed. 03309_ Lgt. Treads destroyed. 03311_ System corrupted: Hvy. Assault Rifle targeting data glitched. Map ----- +----------------------------------------------------+ | ??????????????????????# #??????????????????????? | | ??????????????????????# #??????????????????????? | | ??????????????????????# #??????????????????????? | | ???????????????######## #??????????????????????? | | ???????? + #??????????????????????? | | ???????????????######## #??????????????????????? | | ??????????????????????# #??????????????????????? | | ??????????????????????# #??????????????????????? | | ??????????????????????# #??????????????????????? | | ??????????????????????# #??????????????????????? | | ??????????????????????# #############""""## ##? | | ??????????????????????# #? | | ??????????????????????# ? | | ??????????????????????# ? | | ??????????????????????############=! ## ##?? ?? | | ???????????????????????????????###%! ## ## #? | | ???????????????????????????????# *! "? | | ???????????????????????????????#[%[ "? | | ???????????????????????????????# "? | | ????????????? ????????????????# "? | | ????????????# ?????????????### ## ## #? | | ????????????# ############## ## ## #? | | ????????????# B #? | | ????????????# BBB #? | | ????????????#!!! |||#####BB####### #? | | ?????????????##?????????#@ #?????# ##""""## ##? | | ????????????????????????# #?????# #???????????? | | ????????????????????????# #?????# #???????????? | | ????????????????????????# #?????# #???????????? | | ????????????????????????# #?????# #???????????? | | ????????????????????????# #?????# #???????????? | | ????????????????????????# #?????# #???????????? | | ??????################### ####### #???????????? | | ????? ^ #???????????? | | ????? #???????????? | | ????? #???????????? | | ????????########## ##### ######### #???????????? | | ?????????????????# ????# ###?????# #???????????? | | ?????????????????" ?????# =#?????# #???????????? | | ?????????????????" ?????# !%#?????# #???????????? | | ?????????????????"??????# *#?????# #???????????? | | ????????????????????????# ###?????# #???????????? | | ????????????????????????# #???????# #???????????? | | ????????????????????????#! ##??????# #???????????? | | ????????????????????????#%![#??????# #???????????? | | ????????????????????????#*%%######## #???????????? | | ????????????????????????# ! #???????????? | | ????????????????????????# %#"#!!!#####???????????? | | ????????????????????????#! #######???????????????? | | ????????????????????????# !#?????????????????????? | +----------------------------------------------------+ Best States ------------- Heat Dissipation 42 Energy Generation 14 Energy Capacity 280 Matter Stores 300 Matter Capacity 300 Sight Range 16 Terrain Scan Density 10 Armor Coverage 225 Evasion (%) 40 Recoil Reduction 2 Item Schematics ----------------- Hvy. Missile Launcher | -9/Storage | Hacked Datajack | -9/Storage | Hacked Robot Schematics ------------------ None Fabricated ------------ Nothing Alien Tech Used ----------------- None Achievements -------------- None Challenges ------------ None Game ------ Seed SpectralDeliveryBlade Manual? 0 Play Time 01:01:36 Cumulative 35.3 hours Start 2021.02.23 @ 22:48:01 End 2021.02.24 @ 22:05:21 Sessions 5 Manual Loads 0 Difficulty Rogue Special Mode None Game No. 13 Rogue 13 Adventurer 0 Explorer 0 Win Type - Total 0 Types 0/0/0/0/0/0/0/0/0 Lore% 22 Gallery% 33 Achievement% 26 Wizard Run 0 Options --------- ASCII 0 Keyboard 0 Movement Numpad Keybinds 0 Fullscreen 1 Font 18/SmallcapsGlow Map View 76x50 Tactical HUD 1 Map Filters NONE Filters NONE Steam 1 RUN: 6dc7b17d-ef32-493c-a992-b5651a034509